Cogmind - Beta 15 @@@ ROGUE MODE // 2025.09.12 @ 15:11:35 Player: Grose Result: Destroyed by G-47 Trooper with Particle Gun Performance ------------- Evolutions (0) 0 Regions Visited (2) 400 Robots Destroyed (34) 170 Value Destroyed (784) 784 Prototype IDs (2) 40 Alien Tech Used (0) 0 Bonus (0) 0 TOTAL SCORE: 1394 Bonus ------- None Cogmind --------- Core Integrity 0/250 Matter 290/300 Energy 241/250 System Corruption 0% Temperature Cool (43) Movement Treading (160) Location -10/Mines Parts ------- > --- POWER (1) -------- Ion Engine > --- PROPULSION (2) --- Light Treads Light Treads > --- UTILITY (2) ------ Improved Heat Sink Large Storage Unit > --- WEAPON (2) ------- Small Laser Particle Gun > --- INVENTORY (15) --- Light Ion Engine Improved Aluminum Leg Improved Aluminum Leg Flight Unit Medium Storage Unit Medium Storage Unit Weight Redist. System Structural Scanner Sensor Array Signal Interpreter Improved Terrain Scanner Transport Network Coupler ECM Suite Power Shielding Grenade Launcher Peak State ------------ > --- POWER ------------ Ion Engine > --- PROPULSION ------- Improved Aluminum Leg Improved Aluminum Leg > --- UTILITY ---------- Improved Heat Sink Small Storage Unit > --- WEAPON ----------- Medium Laser Particle Gun > --- INVENTORY -------- Improved Aluminum Leg Improved Aluminum Leg Flight Unit Large Storage Unit Signal Interpreter ECM Suite Small Laser Grenade Launcher [Rating: 13] Favorites ----------- Power Ion Engine Engine Ion Engine Propulsion Light Treads Treads Light Treads Leg Aluminum Leg Hover Unit Hover Unit Utility Small Storage Unit Device Structural Scanner Storage Small Storage Unit Weapon Particle Gun Energy Gun Particle Gun Ballistic Gun Assault Rifle Launcher Grenade Launcher Build | -11 -10 -10 ------- Run | Yrd Mat Min Slots Evolved . | . . . Power . | . . . Propulsion . | . . . Utility . | . . . Weapon . | . . . Parts Attached 29 | 8 18 3 Power 3 | 1 1 1 Engine 3 | 1 1 1 Core . | . . . Reactor . | . . . Propulsion 12 | 4 7 1 Treads 5 | 2 2 1 Leg 5 | 2 3 . Wheel . | . . . Hover 2 | . 2 . Flight . | . . . Utility 8 | 1 6 1 Device 5 | . 4 1 Storage 3 | 1 2 . Processor . | . . . Hackware . | . . . Protection . | . . . Artifact . | . . . Weapon 6 | 2 4 . Energy Gun 4 | 2 2 . Energy Cannon . | . . . Ballistic Gun 1 | . 1 . Ballistic Cannon . | . . . Launcher 1 | . 1 . Special Weapon . | . . . Impact Weapon . | . . . Slashing Weapon . | . . . Piercing Weapon . | . . . Special Melee Weapon . | . . . Unidentified Prototypes . | . . . Parts Lost 6 | . 6 . Power 1 | . 1 . Propulsion 2 | . 2 . Utility 1 | . 1 . Weapon 2 | . 2 . Highest Loss Streak 3 | . 3 . To Critical Strikes . | . . . Average Backups 9 | 4 8 15 Power . | . . 1 Propulsion 2 | 2 2 3 Utility 4 | . 3 10 Weapon 1 | 1 1 1 Tool/Special . | . . . Unused Backups 19 | . 8 11 Power 2 | . 1 1 Propulsion 7 | . 5 2 Utility 8 | . 1 7 Weapon 2 | . 1 1 Tool/Special . | . . . Average Slot Usage (%) 98 | . 98 100 Engine 13 | . 13 14 Treads 11 | . 9 28 Leg 12 | . 14 . Hover 3 | . 3 . Device 13 | . 13 14 Storage 14 | . 14 14 Energy Gun 23 | . 23 28 Launcher 3 | . 3 . Peak Build Rating 13 | 6 13 12 Average Rating 9 | 3 9 10 On Entrance 5 | . 6 10 Naked Turns . | . . . Heaviest Build 30 | 13 30 30 Greatest Support 40 | 40 40 40 Greatest Overweight (x) 9 | . 9 . Average Overweight (x) . | . . . Largest Inventory Capacity 15 | 8 15 15 Average Capacity 10 | 6 10 15 Most Carried 15 | 8 15 15 Average Carried 9 | 4 8 14 Final Capacity 15 | 8 15 15 Final Carried 15 | 6 15 15 Class Distribution -------------------- 100% | Mutant Dominant Class ---------------- Mutant | -10/Materials Mutant | -10/Mines Resources | -11 -10 -10 ----------- Run | Yrd Mat Min Matter Collected 761 | 118 603 40 Remotely . | . . . Salvage Created 873 | . 741 132 Parts 43 | . 40 3 Haulers Intercepted 1 | . 1 . Recyclers Shooed 1 | . . 1 Parts Field Recycled . | . . . Retrieved Matter . | . . . Parts Self-Destructed . | . . . Prevented . | . . . Kills | -11 -10 -10 ------- Run | Yrd Mat Min Combat Hostiles Destroyed 25 | . 21 4 Guns 12 | . 10 2 AOE 8 | . 8 . Classes Destroyed 8 | . 8 . Worker 2 | . 2 . Builder 2 | . 2 . Tunneler 1 | . 1 . Hauler 1 | . 1 . Mechanic 1 | . 1 . Watcher 2 | . 2 . Swarmer 7 | . 6 1 Grunt 18 | . 15 3 Best Kill Streak 7 | . 7 2 Combat Bots Only 5 | . 5 2 Max Kills in Single Turn 3 | . 3 1 Gunslinging . | . . . Exploded 3 | . 3 . Melee . | . . . Uniques/NPCs Destroyed . | . . . Combat | -11 -10 -10 -------- Run | Yrd Mat Min Hostile Shots Fired 150 | . 117 33 Missed 34 | . 30 4 Hits 116 | . 87 29 Projectile 116 | . 87 29 Critical Strikes 1 | . 1 . Damage Taken 1359 | . 987 372 Core 252 | . 153 99 Absorbed by Shields . | . . . Regen/Repaired (Parts) 92 | . 92 . Core Remaining (%) 100 | 100 . . Volleys Fired 121 | . 99 22 Largest 2 | . 2 2 Hottest 115 | . 115 105 Shots Fired 189 | . 151 38 Gun 177 | . 139 38 Cannon . | . . . Launcher 12 | . 12 . Special . | . . . Kinetic 7 | . 7 . Thermal 170 | . 132 38 Explosive 12 | . 12 . Electromagnetic . | . . . Robot Hit Streak 8 | . 8 6 Robot Miss Streak 6 | . 6 2 Penetration Max . | . . . Secondary Targets . | . . . Shots Hit Robots 109 | . 80 29 Core Hits 52 | . 46 6 Critical Kills . | . . . Critical Parts Destroyed . | . . . Critical Strikes 8 | . 6 2 Burn 8 | . 6 2 Melee Attacks . | . . . Impact . | . . . Slashing . | . . . Piercing . | . . . Sneak Attacks . | . . . Combat Hostiles . | . . . Follow-up Attacks . | . . . Damage Inflicted 2089 | . 1719 370 Guns 1395 | . 1025 370 Cannons . | . . . Explosions 694 | . 694 . Melee . | . . . Ramming . | . . . Kinetic 23 | . 23 . Thermal 1372 | . 1002 370 Explosive 694 | . 694 . Electromagnetic . | . . . Impact . | . . . Slashing . | . . . Piercing . | . . . Highest Corruption . | . . . Average Corruption . | . . . Corruption Purged . | . . . Corruption Blocked . | . . . Overload Shots . | . . . Overflow Damage . | . . . Projectiles . | . . . Explosions . | . . . Melee . | . . . Knockbacks . | . . . Impact . | . . . Kinetic . | . . . Secondary . | . . . Self-Inflicted Damage 58 | . 58 . Shots 4 | . 4 . Rammed . | . . . Targets Rammed . | . . . Kicked . | . . . Crushed . | . . . Highest Temperature 297 | . 258 297 Average Temperature 76 | . 64 117 Received Heat Transfer 576 | . 411 165 Effects 1 | . . 1 Interference 1 | . . 1 Siege Activations . | . . . Martial Activations . | . . . Shielding Activations . | . . . Robots Disrupted . | . . . Combat Hostiles . | . . . Robots Corrupted . | . . . Combat Hostiles . | . . . Parts Fried . | . . . Impact Corruptions . | . . . Robots Melted 5 | . 3 2 Combat Hostiles 5 | . 3 2 Parts Melted 15 | . 12 3 Heat Transferred 4179 | . 3150 1029 Parts Sabotaged . | . . . Parts Stolen . | . . . Parts Stripped . | . . . Power Chain Reactions . | . . . Alert | -11 -10 -10 ------- Run | Yrd Mat Min Maximum Alert Level 1 | . 1 . Low Security (%) 92 | 100 91 100 Level 1 7 | . 8 . Level 2 . | . . . Level 3 . | . . . Level 4 . | . . . Level 5 . | . . . High Security . | . . . Max Security . | . . . Peak Influence 271 | . 271 95 Initial 4 | . . 4 Average 71 | . 76 45 Influence Increases 849 | . 704 145 Destroy 0b10 Robot/C 500 | . 420 80 Destroy 0b10 Robot/NC 45 | . 45 . Destroy Leader 106 | . 86 20 Successful Hack 41 | . 41 . Disable Machine 15 | . 15 . Destroy Structure 37 | . 37 . Lose Combat Pursuer 105 | . 60 45 Influence Decreases 844 | . 693 151 Entered New Map 7 | . . 7 Time Decay 777 | . 633 144 Lost Part 60 | . 60 . Squads Dispatched 6 | . 6 . Investigation 5 | . 5 . Extermination . | . . . Reinforcement 1 | . 1 . Assault . | . . . Garrison . | . . . Intercept . | . . . Searches Triggered . | . . . Construction Impeded . | . . . Haulers Reinforced . | . . . Active Scanning Responses . | . . . Cargo Convoy Interrupts . | . . . Stealth | -11 -10 -10 --------- Run | Yrd Mat Min Distress Signals 2 | . 2 . Communications Jammed . | . . . Distress Signals . | . . . Times Spotted 54 | . 46 8 Peak Tracking Total 6 | . 6 5 Tactical Retreats 5 | . 4 1 Traps | -11 -10 -10 ------- Run | Yrd Mat Min Traps Triggered 5 | . 5 . Indirectly . | . . . Trap Hack Attempts . | . . . Triggered . | . . . Disarmed . | . . . Reprogrammed . | . . . Reused . | . . . Traps Extracted . | . . . Installed . | . . . Triggered . | . . . Machines | -11 -10 -10 ---------- Run | Yrd Mat Min Machines Disabled 1 | . 1 . Max in Single Turn 1 | . 1 . Machines Repaired . | . . . Machines Dismantled . | . . . Machines Sabotaged . | . . . Overloaded Fab Kills . | . . . Hacking | -11 -10 -10 --------- Run | Yrd Mat Min Machines Accessed 10 | . 10 . Terminals 7 | . 7 . Fabricators . | . . . Repair Stations 1 | . 1 . Recycling Units 2 | . 2 . Scanalyzers . | . . . Garrison Access . | . . . Total Hacks 40 | . 40 . Successful 14 | . 14 . Failed 26 | . 26 . Catastrophic 6 | . 6 . Database Lockouts . | . . . Manual 27 | . 27 . Terminals 24 | . 24 . Fabricators . | . . . Repair Stations 7 | . 7 . Recycling Units 9 | . 9 . Scanalyzers . | . . . Garrison Access . | . . . Terminal Hacks 6 | . 6 . Record 1 | . 1 . Prototype ID Bank 1 | . 1 . Branch Access Points 2 | . 2 . Terminal Index 1 | . 1 . Hauler Manifests 1 | . 1 . Fabricator Hacks . | . . . Repair Station Hacks 5 | . 5 . Scan Component 3 | . 3 . Repair 2 | . 2 . Recycling Unit Hacks . | . . . Scanalyzer . | . . . Garrison Access Hacks . | . . . Unauthorized Hacks 3 | . 3 . Terminals 1 | . 1 . Track 1 | . 1 . Fabricators . | . . . Repair Stations . | . . . Recycling Units 2 | . 2 . Reject 1 | . 1 . Mask 1 | . 1 . Scanalyzers . | . . . Garrison Access . | . . . Data Cores Recovered . | . . . Used . | . . . Hacking Detections 10 | . 10 . Full Trace Events 6 | . 6 . Feedback Events . | . . . Feedback Blocked . | . . . Robot Schematics Acquired . | . . . Robots Built . | . . . Authchips . | . . . Time . | . . . Total Robot Build Rating . | . . . Part Schematics Acquired . | . . . Parts Built . | . . . Authchips . | . . . Time . | . . . Total Part Build Rating . | . . . Parts Repaired 2 | . 2 . Time 58 | . 58 . Parts Recycled . | . . . Recycled Matter . | . . . Retrieved Matter . | . . . Retrieved Components . | . . . Parts Scanalyzed . | . . . Part Schematics Acquired . | . . . Parts Damaged . | . . . Bothacking | -11 -10 -10 ------------ Run | Yrd Mat Min Used RIF Installer . | . . . Robots Hacked . | . . . Non-combat . | . . . Combat . | . . . Robot Hacks Applied . | . . . Relay Couplers Released . | . . . Fabnet Peak Effective % . | . . . Robots Rewired . | . . . Allies Hacked . | . . . Hacks Repelled . | . . . Allies | -11 -10 -10 -------- Run | Yrd Mat Min Total Allies . | . . . Largest Group . | . . . Highest-Rated Group . | . . . Highest-Rated Ally . | . . . Total Orders . | . . . Ally Attacks . | . . . Total Damage . | . . . Kills . | . . . Allies Corrupted . | . . . Allies Melted . | . . . Intel | -11 -10 -10 ------- Run | Yrd Mat Min Active Infowar (turns) 1566 | . 1405 161 Sensors 103 | . . 103 Structural 824 | . 766 58 ECM 639 | . 639 . Robot Analysis Total . | . . . Derelict Logs Recovered . | . . . Drone Launches . | . . . Drone Recoveries . | . . . Exploration | -11 -10 -10 ------------- Run | Yrd Mat Min Turns Passed 2799 | 77 2420 302 Spaces Moved 1591 | 46 1417 128 Core 16 | 14 2 . Treads 551 | 30 393 128 Legs 780 | 2 778 . Wheels . | . . . Hover 244 | . 244 . Flight . | . . . Fastest Speed 50 | 50 116 160 Average Speed 133 | 124 131 160 Slowest Speed 500 | 160 500 160 Overloaded Moves . | . . . Propulsion Burnouts . | . . . Robots Hopped . | . . . Potential Cave-ins . | . . . Cave-ins Triggered . | . . . Exploration Rate (%) 45 | 4 98 35 Regions Visited 2 Branch Regions 1 Pre-discovered Areas . | . . . Known Exits Taken 1 | . 1 . Unknown Exits Taken 1 | 1 . . Scrap Searched 1 | . . 1 Spaces Dug . | . . . Terrain Destroyed 34 | . 34 . Melee . | . . . Projectile . | . . . AOE 34 | . 34 . Terrain Rammed . | . . . Walls Destroyed . | . . . Machines Disabled . | . . . Actions | -11 -10 -10 --------- Run | Yrd Mat Min Total 2081 | 64 1829 188 Wait 260 | . 232 28 Move 1589 | 45 1416 128 Hop . | . . . Pick Up 45 | 11 32 2 Fast Attach 3 | 1 2 . Attach 16 | 5 11 . Detach 1 | . 1 . Swap 27 | 2 20 5 Drop 19 | . 16 3 Fire 121 | . 99 22 Melee . | . . . Ram . | . . . Kick . | . . . Crush . | . . . Escape Stasis . | . . . Rewire . | . . . Trap . | . . . Miscellaneous . | . . . Route ------- -11/Scrapyard -10/Materials (discovered 5 exits: [*Mat x3] / *Min x2) -10/Mines History --------- Turn | Location | Event 8 | -11/Scrapyard | Discovered new exit (range 15) 78 | -11/Scrapyard | Entered Materials 315 | -10/Materials | Build established: Mutant 510 | -10/Materials | Discovered new exit (range 15) 734 | -10/Materials | Discovered new exit (range 12) 854 | -10/Materials | Lost 3 parts (2n1w) 1002 | -10/Materials | Identified exit to Mines 1047 | -10/Materials | Discovered new exit (range 4) 1086 | -10/Materials | Core integrity fell below 50% 1601 | -10/Materials | Discovered new exit (range 9) 2052 | -10/Materials | Repaired Ion Engine 2093 | -10/Materials | Repaired Particle Gun 2498 | -10/Materials | Entered Mines 2600 | -10/Mines | Found a hidden stash of uninstalled traps 2772 | -10/Mines | Core integrity fell below 20% 2800 | -10/Mines | Destroyed by G-47 Trooper with Particle Gun Last Messages --------------- level high enough to trigger assault squads over in the main complex, and they later decided the best way to defend their interests would be to start expanding in this direction." 02600_ A stash of uninstalled traps is collected here! 02625_ G-34 Mercenary suffers critical hit (Burn). 02634_ G-34 Mercenary overheating. 02635_ G-34 Mercenary critical meltdown. 02635_ Ion Engine melted. 02635_ Aluminum Leg melted. 02637_ Acquired 10 matter. 02698_ T-07 Excavator is excavating. 02774_ G-34 Mercenary destroyed. 02779_ Acquired 20 matter. 02782_ Dropped Ion Engine. 02794_ R-06 Scavenger collects Ion Engine. 02796_ G-47 Trooper suffers critical hit (Burn). Map ----- +----------------------------------------------------+ | ????## ##?????????????????????????????????????? | | ?????# &####???????????????????????????????????? | | ?????# & & #???????????????????????????????????? | | ?????## ### #???????????????????????????????????? | | ??????###??# #???????????????????????????????????? | | ???????????# #???????????????????????????????????? | | ???????????# #???????????????????????????????????? | | ???????????#%#????????????????#??????????????????? | | ???????????# #?????????????? ??????????????????? | | ???????????# #????????????? #???####??????????? | | ???????????# #?????????????? ### #??????????? | | ??????###### #?????????????? ???????????? | | ??????# #?????????????? ???????????? | | ??????# ######??????????????? ????????????? | | ###### ##??????????????????? ????????????? | | ##?????????????????? ?????????????? | | ##### #??????????????????? #?????????????? | | ????# #??????????????????? #?????????????? | | ????## ##???????????????????# #?????????????? | | ##### #????????????????????? #?????????????? | | ##???????????????????? #?????????????? | | ##### ##?????????????####### #?????????????? | | ?????# #?????????????# #?????????????? | | ?????## #?????????????# g #????????????? | | ??????# #####?????##### #### #???????????? | | ??????# #?????# @ #??## #???????????? | | ??????## #### #?????# r #????# ##???????????? | | ???????####??# #?????# ######?????###????????????? | | ?????????????# #?????#*#?????????????????????????? | | ?????????????# #???###%#?????????????????????????? | | ??????######## #??## ##????????????????????????? | | #??# ##???????????????????????? | | ??????######## #### ##??????????????????????? | | ?????????????# #??????????????????????? | | ?????????????# #??????????????????????? | | ?????????????### #??????????????????????? | | ???????????????# #?????????????????????? | | ??????????????# ### #????????????????????? | | ?????????????# ##?## #???????????????????? | | ?????????????# #????# ##???????????????????? | | ?????????????## ##?????####????????????????????? | | ??????????????#####??????????????????????????????? | | ?????????????????????????????????????????????????? | | ?????????????????????????????????????????????????? | | | | | | | | | | | | | +----------------------------------------------------+ Best States ------------- Heat Dissipation 39 Energy Generation 10 Energy Capacity 250 Matter Stores 300 Matter Capacity 300 Sight Range 16 Robot Scan Range 14 Terrain Scan Density 10 ECM Strength 1 Evasion (%) 55 Recoil Reduction 2 Item Schematics ----------------- None Robot Schematics ------------------ None Fabricated ------------ Nothing Repaired ---------- Ion Engine | 1% | -10/Materials Particle Gun | 56% | -10/Materials Alien Tech Used ----------------- None Achievements -------------- None Challenges ------------ None Game ------ Seed DirtyCobblerLeg Manual? 0 Play Time 00:47:21 Cumulative 4.8 hours Start 2025.09.11 @ 21:36:09 End 2025.09.12 @ 15:11:35 Sessions 5 Manual Loads 0 Difficulty Rogue Special Mode None Game No. 4 Rogue 4 Adventurer 0 Explorer 0 Win Type - Total 0 Types 0/0/0/0/0/0/0/0/0/0 Lore% 2 Gallery% 5 Achievement% 8 Wizard Run 0 Options --------- Layout 1 ASCII 0 Keyboard 0 Movement Mouse Keybinds 0 Fullscreen 1 Font 24/Tamsyn Map View 50x35 Zoom Use 0% Tactical HUD 1 Map Filters NONE Filters NONE Steam 1 RUN: cc4b32b0-e0d5-4d66-9cd7-bf3a65b0088b